 Dungeon Crawl Stone Soup version 0.32-a0-350-g4f4d228785 (webtiles) character file.

Game seed: 3836572697572924974

99 timneilson the Ruffian (level 4, -2/29 HPs)
             Began as an Octopode Shapeshifter on Feb 17, 2024.
             Slain by Jessica
             ... wielding a +0 club
              (5 damage)
             ... on level 2 of the Dungeon.
             The game lasted 00:03:13 (941 turns).

timneilson the Ruffian (Octopode Shapeshifter)       Turns: 941, Time: 00:03:13

Health: -2/29      AC:  0    Str: 15    XL:     4   Next: 72%
Magic:  4/4        EV: 14    Int: 12    God:
Gold:   75         SH:  0    Dex: 11    Spells: 3/3 levels left

rFire   . .          .
                       - Unarmed
rCold   . . .        (shield currently unavailable)
rNeg    . . .        (helmet currently unavailable)
rPois   .            (no amulet)
rElec   .            d - melded +6 ring of dexterity
rCorr   .            (ring currently unavailable)
SInv    .            (ring currently unavailable)
Will    .....        (ring currently unavailable)
Stlth   ++           (ring currently unavailable)
HPRegen 0.24/turn    (ring currently unavailable)
MPRegen 0.09/turn    (ring currently unavailable)
                     (ring currently unavailable)

%: no passive effects
@: pig-form (expiring), very quick
A: fast, no casting, almost no armour, (amphibious), (8 rings), small,
(camouflage 1), (gelatinous body 1), (nimble swimmer 1), (tentacles)
a: no special abilities


You were on level 2 of the Dungeon.
You were a filthy swine.
You visited 1 branch of the dungeon, and saw 2 of its levels.

You collected 75 gold pieces.

Inventory:

Jewellery
 d - a +6 ring of dexterity (melded)
Talismans
 b - a beast talisman (active)
 c - a flux talisman
Scrolls
 e - a scroll of poison
 f - a scroll of teleportation
 g - a scroll of identify {unknown}
 i - a scroll of brand weapon {unknown}
Potions
 a - a potion of lignification
 h - a potion of berserk rage {unknown}


   Skills:
 * Level 2.2 Fighting
 * Level 2.9 Dodging
 + Level 1.7 Stealth
 * Level 3.5 Unarmed Combat
 * Level 3.4 Shapeshifting


You had 3 spell levels left.
You didn't know any spells.
Your spell library was empty.

Dungeon Overview and Level Annotations

Branches:
Dungeon (2/15)

Altars:

Annotations:
D:2 1 runed translucent door, Crazy Yiuf, Jessica


Innate Abilities, Weirdness & Mutations

You are a filthy swine.
You move quickly.
Your equipment is almost entirely melded.
You are incapable of wielding weapons or throwing items.
You cannot cast spells.
You cannot wear most types of armour.
((You are amphibious.))
((You can wear up to eight rings at the same time.))
((Your skin changes colour to match your surroundings (Stealth+).))
((Your rubbery body absorbs attacks. (AC +1, EV +1)))
((You are camouflaged when in or above water. (Stealth+)))
((You have tentacles for arms and can constrict up to eight enemies at once.))


Message History

Jessica barely misses you.
You hit Jessica.
Jessica is heavily wounded.
Jessica misses you.
You hit Jessica.
Jessica is severely wounded.
Your transformation is almost over.
Jessica hits you with a +0 club.
You hit Jessica.
Jessica is severely wounded.
Jessica completely misses you.
You hit Jessica but do no damage.
Jessica is severely wounded.
Jessica hits you with a +0 club.
* * * LOW HITPOINT WARNING * * *
You hit Jessica but do no damage.
Jessica is severely wounded.
Jessica misses you.
You closely miss Jessica.
Jessica is severely wounded.
Jessica misses you.
You barely miss Jessica.
Jessica is severely wounded.
Jessica closely misses you.
You closely miss Jessica.
Jessica is severely wounded.
Jessica gestures at you while chanting.
You barely resist. You closely miss Jessica.
Jessica is severely wounded.
Jessica casts a spell.
Jessica seems to speed up.
You barely miss Jessica.
Jessica is severely wounded.
Jessica hits you with a +0 club!
* * * LOW HITPOINT WARNING * * *
You barely miss Jessica.
Jessica is severely wounded.
Jessica hits you with a +0 club.
You die...

....# #.##.# .##.#
#....########### .##.#
#.........#.....
....#####..............#
..........####.#....!...
.##.##.#######.#........
###.#. .....>.........
....# #####.#....$...
### #.#h##..... . #.#@#
#.#.. # ..#.# .# . # ...
# ... ##.#########.. #.#
#......... ##.# #.# ..
##.#...##)# .#


You could see Jessica (fast).

Vanquished Creatures
  Terence (D:2)
  4 endoplasms
  4 giant cockroaches (D:1)
  6 goblins (D:1)
  4 hobgoblins
  4 kobolds
  4 quokkas (D:1)
  A ball python (D:1)
  4 bats
  5 frilled lizards
  4 rats
41 creatures vanquished.

Notes
Turn   | Place    | Note
-------+----------+-------------------------------------------
     0 | D:1      | timneilson the Octopode Shapeshifter began the quest for
                  | the Orb.
     0 | D:1      | Reached XP level 1. HP: 13/13 MP: 1/1
    58 | D:1      | Reached XP level 2. HP: 18/18 MP: 2/2
   119 | D:1      | Reached skill level 1 in Stealth
   158 | D:1      | Reached XP level 3. HP: 19/23 MP: 3/3
   218 | D:1      | Found a faded altar of an unknown god.
   378 | D:1      | Reached XP level 4. HP: 29/29 MP: 4/4
   579 | D:2      | Noticed Terence
   583 | D:2      | Killed Terence
   750 | D:2      | Found a runed translucent door.
   751 | D:2      | Noticed Crazy Yiuf
   912 | D:2      | Noticed Jessica
   941 | D:2      | Slain by Jessica

Illustrated notes

Levels and vault maps discovered:
D:1:      mainiacjoe_arrival_oval_in_oval, layout_basic,
          ebering_ecumenical_altar_webs, chequers_avenue
D:2:      layout_loops_ring, uniq_jessica, uniq_terence, uniq_crazy_yiuf_cottage

Skill      XL: |  1  2  3  4 |
---------------+-------------+-----
Stealth        | 1 |  1.7
Fighting       | 2 |  2.2
Dodging        | |  2.9
Unarmed Combat | |  3.5
Shapeshifting  | |  3.4

Action                     |  1- 3 |  4- 6 || total
---------------------------+-------+-------++-------
  Melee: Unarmed           |    51 |    42 ||    93
         Constrict         |    12 |     4 ||    16
         Tentacles         |     9 |     4 ||    13
    Use: Scroll            |       |     3 ||     3
   Stab: Sleeping          |    11 |     2 ||    13
 Armour: Skin              |    15 |    11 ||    26
  Dodge: Dodged            |    25 |    19 ||    44

Table legend: (Time is in decaauts)
 A = Elapsed time spent in this place.
 B = Non-inter-level travel time spent in this place.
 C = Inter-level travel time spent in this place.
 D = Time resting spent in this place.
 E = Time spent auto-exploring this place.
 F = Levels seen in this place.
 G = Mean time per level.
                   A        B        C        D        E       F      G
               +--------+--------+--------+--------+--------+-----+--------+
         Total |    933 |    914 |     19 |     13 |    556 |   2 |  466.5 |
       Dungeon |    933 |    914 |     19 |     13 |    556 |   2 |  466.5 |
               +--------+--------+--------+--------+--------+-----+--------+

Top non-repeatable levels by time:
     D:1: 542 daAuts
     D:2: 390 daAuts
